 Dungeon Crawl Stone Soup version 0.17-a0-2127-g1cb09f6 (webtiles) character file.

61960 Kidiri the Covert (level 14, -5/60 HPs)
             Began as a Spriggan Enchanter on Oct 23, 2015.
             Was a High Priest of Dithmenos.
             Killed from afar by an acid blob (9 damage)
             ... with a splash of acid
             ... on level 8 of the Lair of Beasts.
             The game lasted 01:19:10 (24752 turns).

Kidiri the Covert (Spriggan Enchanter)             Turns: 24752, Time: 01:19:10

Health: -5/60      AC: -2    Str:  4    XL:     14   Next: 62%
Magic:  20/27      EV: 32    Int: 21    God:    Dithmenos [*****.]
Gold:   611        SH:  8    Dex: 23    Spells: 12 memorised, 2 levels left

rFire  + . .     SeeInvis +     t - +9 rapier of Plague {speed, Int-2 Dex+4 SInv Stlth-}
rCold  + . .     Clarity  .     w - +2 robe {rF+}
rNeg   . . .     SustAt   .     e - +0 buckler
rPois  +         Gourm    .     a - +0 hat
rElec  .         Spirit   .     J - +0 cloak
rCorr  .         Warding  .     (gloves unavailable)
rMut   .         Stasis   .     (boots unavailable)
MR     ++...                    h - amulet of rage
Stlth  ++++++++++               K - ring of Apnoe {rPois rC+ Int+4 Stlth+}
                                o - ring of wizardry

@: corroded equipment, wreathed by umbra, very quick, very resistant to hostile
enchantments, uncannily stealthy
A: unfitting armour, see invisible, herbivore 3, speed 3, frail 1, low mp 1,
slow metabolism 2
a: Shadow Step, Shadow Form, Renounce Religion, Evoke Berserk Rage


You were on level 8 of the Lair of Beasts.
You worshipped Dithmenos.
Dithmenos was extremely pleased with you.
You were full.

You visited 3 branches of the dungeon, and saw 17 of its levels.
You also visited: Labyrinth.

You collected 800 gold pieces.
You spent 189 gold pieces at shops.

Inventory:

Hand Weapons
 t - the +9 rapier of Plague (weapon) {speed, Int-2 Dex+4 SInv Stlth-}
   (You bought it in a shop on level 6 of the Dungeon)

   Attacks with this weapon are significantly faster.
   It affects your intelligence (-2).
   It affects your dexterity (+4).
   It lets you see invisible.
   It makes you less stealthy.
Armour
 a - a +0 hat (worn)
 e - a +0 buckler (worn)
 w - a +2 robe of fire resistance (worn)
 J - a +0 cloak (worn)
 N - a +0 cloak
Jewellery
 h - an amulet of rage (around neck)
 o - a ring of wizardry (left hand)
 q - an uncursed ring of stealth
 r - a +2 ring of strength
 K - the ring of Apnoe (right hand) {rPois rC+ Int+4 Stlth+}
   (You found it in a labyrinth)

   [ring of stealth]

   It affects your intelligence (+4).
   It protects you from cold.
   It protects you from poison.
   It makes you more stealthy.
Wands
 b - a wand of disintegration (22)
 y - a wand of draining (5)
 B - a wand of cold (8)
 C - a wand of paralysis (14)
 I - a wand of slowing (22)
 Q - a wand of flame (20)
 R - a wand of enslavement (8)
Scrolls
 c - 2 scrolls of enchant weapon
 f - 8 scrolls of magic mapping
 g - a scroll of recharging {unknown}
 k - a scroll of enchant armour {unknown}
 p - 12 scrolls of remove curse
 s - a scroll of immolation {unknown}
 x - a scroll of blinking {unknown}
 D - a scroll of acquirement {unknown}
 E - a scroll of amnesia {unknown}
 G - a scroll of fog {unknown}
 H - 3 scrolls of fear {unknown}
 L - a scroll of vulnerability {unknown}
 P - a scroll of silence {unknown}
Potions
 i - a potion of might
 j - 3 potions of curing
 l - 3 potions of agility
 m - a potion of haste
 n - 2 potions of invisibility
 v - a potion of cure mutation
 z - 2 potions of ambrosia
 A - 3 potions of flight {unknown}
 F - a potion of brilliance
 M - a potion of lignification {unknown}
 O - a potion of mutation {unknown}
Books
 u - a book of Spatial Translocations

   Spells                             Type                      Level
   a - Apportation                    Translocation                1
   b - Blink                          Translocation                2
   c - Shroud of Golubria             Charms/Translocation         2
   d - Portal Projectile              Translocation                3
   e - Teleport Other                 Translocation                3
   f - Passage of Golubria            Translocation                4
Comestibles
 d - 5 bread rations


   Skills:
 + Level 4.5 Fighting
 * Level 10.1 Short Blades
 + Level 4.7 Armour
 * Level 12.7 Dodging
 * Level 14.1 Stealth
 + Level 4.5 Shields
 * Level 11.5 Spellcasting
 + Level 4.4 Conjurations
 + Level 8.3 Hexes
 + Level 5.8 Charms
 + Level 7.3 Translocations
 + Level 6.5 Transmutations
 + Level 4.8 Ice Magic
 + Level 2.6 Air Magic
 + Level 4.3 Earth Magic
 + Level 3.0 Poison Magic
 + Level 5.6 Invocations


You had 2 spell levels left.
You knew the following spells:

 Your Spells              Type           Power        Failure   Level  Hunger
a - Corona                Hex            #####..      1%          1    None
b - Ensorcelled Hibernat  Hex/Ice        #####.       1%          2    None
c - Confuse               Hex            #####...     1%          3    None
d - Tukima's Dance        Hex            #####...     1%          3    None
e - Dazzling Spray        Conj/Hex       #####...     1%          3    None
f - Gell's Gravitas       Hex/Tloc       #####.....   1%          3    None
g - Petrify               Trmt/Erth      ####....     4%          4    #......
h - Metabolic Englaciati  Hex/Ice        #####.....   6%          5    ####...
i - Apportation           Tloc           #####.....   1%          1    None
j - Shroud of Golubria    Chrm/Tloc      #####.....   1%          2    None
k - Mephitic Cloud        Conj/Pois/Air  ####....     2%          3    None
l - Passage of Golubria   Tloc           N/A          1%          4    #......


Dungeon Overview and Level Annotations

Branches:
Dungeon (8/15)             Temple (1/1) D:5            Lair (8/8) D:8
 Shoals (0/4) Lair:5       Spider (0/4) Lair:5        Slime (0/6) Lair:8

Altars:
Ashenzari
Cheibriados
Dithmenos
Elyvilon
Fedhas
Gozag
Makhleb
Nemelex Xobeh
Okawaru
Qazlal
Ru
Sif Muna
Trog
Vehumet
Xom
Yredelemnul
Zin
The Shining One

Shops:
D:6 (   D:7 %


Innate Abilities, Weirdness & Mutations

You are tiny and cannot use many weapons and most armour.
You have supernaturally acute eyesight.
You are a herbivore.
You cover ground extremely quickly.
You need consume almost no food.
You are frail (-10% HP).
Your magical capacity is low (-10% MP).


Message History

The acid blob spits acid at you. The splash of acid hits you!
The acid corrodes you!
The acid burns!
Unknown command.
The acid blob spits acid at you. The splash of acid hits you!
* * * LOW HITPOINT WARNING * * *
The acid corrodes you!
The acid burns!
* * * LOW HITPOINT WARNING * * *
Unknown command.
Drink which item? (? for menu, Esc to quit)
Okay, then.
Unknown command.
Read which item? (? for menu, Esc to quit)
Okay, then.
Unknown command.
You start resting.
Unknown command.
The acid blob spits acid at you. The splash of acid hits you!
You die...

#...P..P............## #P....
.P...................# ######...
P......PP.#.........P####.##.#...
P....##..J##J........##.#........
......P.P.#.#........#...........
....PP...........................
....P............................
....P............................
................@......P..P......
.......................PPP.......
......#P................PP.......
###P#.##........<........P....P..
########..................P......
.# #.####.................≈≈.....
####..##PP................≈.....P
.##..###.........................
..............................P..


You could see an acid blob.

Vanquished Creatures
  The ghost of Eleusis the Fencer, a journeyman FoAK of Lugonu (Lair:8)
  4 hydras
  2 catoblepae (Lair:8)
  Erica (D:8)
  27 death yaks
  Pikel (D:7)
  A lindwurm (Lair:5)
  A shining eye (Lair:8)
  21 elephants
  7 black mambas
  A torpor snail (Lair:7)
  15 spiny frogs
  11 komodo dragons
  A fire drake (Lair:6)
  A polar bear (Lair:7)
  Prince Ribbit (D:8)
  A snapping turtle (Lair:5)
  2 trolls (D:8)
  19 blink frogs
  A wyvern (D:8)
  A basilisk (Lair:7)
  A spriggan (D:7)
  26 yaks
  6 hippogriffs
  4 hungry ghosts (Lab)
  9 wolves
  17 water moccasins
  3 sky beasts
  An orc warrior (D:8)
  A black bear (D:8)
  8 spiders (Lair:5)
  A necrophage (D:6)
  An ice beast (D:7)
  3 phantoms
  8 ogres
  16 porcupines
  A centaur (D:6)
  Blork the orc (D:6)
  15 crocodiles
  10 giant frogs
  A water moccasin zombie (D:7)
  8 scorpions
  4 wights (D:6)
  2 electric eels
  3 crimson imps (D:6)
  A giant frog zombie (D:6)
  3 hounds
  A gnoll shaman (D:7)
  6 jellies
  4 orc priests
  7 orc wizards
  4 worker ants
  2 centaur skeletons (D:5)
  A giant frog skeleton (D:6)
  8 iguanas
  18 sheep
  A hound zombie (D:5)
  A worker ant zombie (D:5)
  11 adders
  7 gnolls
  56 river rats
  3 shadow imps
  4 oozes
  2 worms
  8 giant geckos
  21 orcs
  2 ball pythons (D:1)
  5 giant cockroaches
  10 goblins
  7 hobgoblins
  6 jackals
  9 kobolds
  A quokka (D:8)
  A ball python skeleton (D:4)
  16 bats
  2 giant gecko skeletons (D:5)
  A giant gecko zombie (D:7)
  4 giant newts
  A jackal skeleton (D:6)
  7 rats
  A fungus (D:5)
  A plant (Lair:8)
513 creatures vanquished.

Vanquished Creatures (others)
  2 dancing weapons
  3 yaks (Lair:8)
  A necrophage (D:7)
  A jelly (D:7)
  69 fungi
  11 plants
87 creatures vanquished.

Grand Total: 600 creatures vanquished

Notes
Turn   | Place    | Note
--------------------------------------------------------------
     0 | D:1      | Kidiri the Spriggan Enchanter began the quest for the Orb.
     0 | D:1      | Reached XP level 1. HP: 9/9 MP: 5/5
   328 | D:1      | Reached XP level 2. HP: 13/13 MP: 6/6
   335 | D:1      | Learned a level 2 spell: Ensorcelled Hibernation
   874 | D:1      | Reached XP level 3. HP: 4/16 MP: 1/8
  1099 | D:1      | Learned a level 3 spell: Confuse
  1630 | D:2      | Found a deep blue altar of Sif Muna.
  1742 | D:2      | Found a glowing golden altar of the Shining One.
  2240 | D:2      | Learned a level 3 spell: Dazzling Spray
  2295 | D:3      | Reached XP level 4. HP: 21/21 MP: 10/10
  2521 | D:3      | Found a faded altar to an unknown god.
  2603 | D:3      | Found a blossoming altar of Fedhas.
  2817 | D:3      | Reached skill level 5 in Stealth
  3048 | D:3      | Found a burning altar of Makhleb.
  3048 | D:3      | Noticed an Executioner
  3052 | D:3      | Noticed a smoke demon
  3052 | D:3      | Noticed a ynoxinul
  3108 | D:3      | Found a shadowy altar of Dithmenos.
  3239 | D:3      | Became a worshipper of Dithmenos the Shadowed
  3634 | D:4      | Reached XP level 5. HP: 25/25 MP: 11/11
  3639 | D:4      | Reached skill level 1 in Ice Magic
  3888 | D:4      | Learned a level 3 spell: Tukima's Dance
  3973 | D:4      | Reached skill level 1 in Shields
  4065 | D:4      | Noticed an ogre
  4085 | D:4      | Killed an ogre
  4085 | D:4      | Reached skill level 1 in Fighting
  4085 | D:4      | Reached XP level 6. HP: 30/30 MP: 13/13
  4125 | D:4      | Noticed a phantom
  4129 | D:4      | Killed a phantom
  4129 | D:4      | Reached skill level 6 in Stealth
  4290 | D:4      | Found a basalt altar of Yredelemnul.
  4649 | D:5      | Entered Level 5 of the Dungeon
  4735 | D:5      | Reached skill level 5 in Dodging
  4735 | D:5      | Reached XP level 7. HP: 27/33 MP: 12/14
  4776 | D:5      | Reached skill level 1 in Armour
  4848 | D:5      | Found a glowing silver altar of Zin.
  4848 | D:5      | Found a burning altar of Makhleb.
  4849 | D:5      | Noticed a balrug
  4849 | D:5      | Noticed an angel
  4889 | D:5      | Reached skill level 1 in Invocations
  4955 | D:5      | Found a staircase to the Ecumenical Temple.
  4971 | Temple   | Entered the Ecumenical Temple
  5196 | D:5      | Found a stormy altar of Qazlal.
  5197 | D:5      | Found a snail-covered altar of Cheibriados.
  5257 | D:5      | Reached * piety under Dithmenos
  5402 | D:5      | Reached skill level 1 in Conjurations
  5449 | D:5      | Reached skill level 7 in Stealth
  5449 | D:5      | Reached skill level 5 in Spellcasting
  5529 | D:5      | Reached XP level 8. HP: 37/37 MP: 13/16
  5886 | D:6      | Found Emiabyse's Antique Weapon Emporium.
  5891 | D:6      | Bought a transparent rapier for 189 gold pieces
  5891 | D:6      | Identified the +9 rapier of Plague {speed, Int-2 Dex+4 SInv Stlth-} (You bought it in a shop on level 6 of the Dungeon)
  5904 | D:6      | Noticed Blork the orc
  5922 | D:6      | Killed Blork the orc
  5922 | D:6      | Reached ** piety under Dithmenos
  6238 | D:6      | Reached skill level 5 in Hexes
  6422 | D:6      | Reached skill level 8 in Stealth
  6540 | D:6      | Reached XP level 9. HP: 42/42 MP: 19/19
  7188 | D:7      | Found a shimmering altar of Xom.
  7190 | D:7      | Found Rur Buishos's Food Emporium.
  7222 | D:7      | Noticed Pikel
  7232 | D:7      | Killed Pikel
  7232 | D:7      | Reached skill level 5 in Short Blades
  7360 | D:7      | Reached *** piety under Dithmenos
  7685 | D:7      | Reached skill level 9 in Stealth
  8369 | D:8      | Learned a level 3 spell: Gell's Gravitas
  8374 | D:8      | Learned a level 4 spell: Petrify
  8512 | D:8      | Reached XP level 10. HP: 47/47 MP: 21/21
  8693 | D:8      | Noticed Erica
  8723 | D:8      | Noticed Prince Ribbit
  8733 | D:8      | Killed Prince Ribbit
  8836 | D:8      | Reached skill level 1 in Transmutations
  8878 | D:8      | Found a staircase to the Lair.
  8943 | D:8      | Reached skill level 1 in Translocations
  8955 | D:8      | Reached skill level 1 in Earth Magic
  8978 | D:8      | Killed Erica
  8978 | D:8      | Reached skill level 10 in Stealth
  9014 | D:8      | Learned a level 5 spell: Metabolic Englaciation
  9565 | Lair:1   | Entered Level 1 of the Lair of Beasts
  9568 | Lair:1   | Learned a level 1 spell: Apportation
 10257 | Lair:1   | Reached **** piety under Dithmenos
 10418 | Lair:2   | Reached XP level 11. HP: 51/51 MP: 24/24
 10938 | Lair:2   | Learned a level 2 spell: Shroud of Golubria
 11286 | Lair:2   | Noticed a black mamba
 11290 | Lair:2   | Killed a black mamba
 11290 | Lair:2   | Reached skill level 1 in Charms
 12545 | Lair:4   | Reached skill level 11 in Stealth
 12746 | Lair:4   | Noticed a death yak
 12746 | Lair:4   | Noticed a death yak
 12749 | Lair:4   | Noticed a death yak
 12751 | Lair:4   | Noticed a death yak
 12751 | Lair:4   | Noticed a death yak
 13041 | Lair:3   | Killed a death yak
 13149 | Lair:2   | Killed a death yak
 13149 | Lair:2   | Reached skill level 10 in Dodging
 13249 | Lair:3   | Killed a death yak
 13505 | Lair:3   | Killed a death yak
 13774 | Lair:4   | Killed a death yak
 13988 | Lair:4   | Reached XP level 12. HP: 56/56 MP: 26/26
 14033 | Lair:4   | Noticed a death yak
 14033 | Lair:4   | Noticed a death yak
 14044 | Lair:4   | Noticed a death yak
 14048 | Lair:4   | Noticed a death yak
 14049 | Lair:4   | Noticed a death yak
 14083 | Lair:4   | Killed a death yak
 14264 | Lair:4   | Killed a death yak
 14460 | Lair:3   | Killed a death yak
 14747 | Lair:4   | Reached skill level 5 in Translocations
 14925 | Lair:4   | Noticed a six-headed hydra
 15050 | Lair:3   | Learned a level 3 spell: Mephitic Cloud
 15460 | Lair:5   | Found a hole to the Spider Nest.
 15546 | Lair:5   | Found a labyrinth entrance.
 15558 | Lab      | Entered a labyrinth
 15582 | Lab      | Reached skill level 12 in Stealth
 15663 | Lab      | Noticed a minotaur
 15704 | Lab      | Identified the Guide on Supportive Bewitchment
 15716 | Lab      | Got a twitching brass ring
 15859 | Lab      | Identified the ring of Apnoe {rPois rC+ Int+4 Stlth+} (You found it in a labyrinth)
 16167 | Lab      | Identified the Tome of Self-Knowledge and Air (You found it in a labyrinth)
 16845 | Lair:5   | Reached skill level 10 in Spellcasting
 17249 | Lair:5   | Found a staircase to the Shoals.
 17274 | Lair:5   | Reached skill level 1 in Poison Magic
 17458 | Lair:5   | Reached skill level 5 in Transmutations
 17851 | Lair:6   | Reached skill level 1 in Air Magic
 17890 | Lair:6   | Reached XP level 13. HP: 35/61 MP: 13/28
 18971 | Lair:7   | Found a basalt altar of Yredelemnul.
 19390 | Lair:7   | Reached skill level 5 in Invocations
 19732 | Lair:7   | Reached ***** piety under Dithmenos
 19924 | Lair:7   | Reached skill level 13 in Stealth
 21315 | Lair:8   | Entered Level 8 of the Lair of Beasts
 21352 | Lair:8   | Noticed Eleusis's ghost (journeyman FoAK)
 21459 | Lair:8   | Reached skill level 5 in Charms
 21896 | Lair:8   | Killed Eleusis's ghost
 21896 | Lair:8   | Reached XP level 14. HP: 65/67 MP: 14/29
 21969 | Lair:8   | Learned a level 4 spell: Passage of Golubria
 23478 | Lair:8   | Reached skill level 10 in Short Blades
 23913 | Lair:8   | Found a staircase to the Slime Pits.
 23946 | Lair:8   | Reached skill level 14 in Stealth
 24031 | Lair:8   | Gained mutation: Your magical capacity is low (-10% MP). [a shining eye]
 24035 | Lair:8   | Gained mutation: You are frail (-10% HP). [a shining eye]
 24041 | Lair:8   | Noticed an acid blob
 24737 | Lair:8   | HP: 2/60 [acid (10)]
 24752 | Lair:8   | Killed from afar by an acid blob

Vault maps used:
D:1:      onia_arrival_pentagram, roderic_lattice_a, minivault_19
D:2:      lemuel_blue_sif_altar, nicolae_overflow_crystal_walls
D:3:      lemuel_coloured_pillars_altar, fedhas_altar_1, first_bread,
          ecumenical_altar_1, makhleb_altar_promises_db
D:4:      lemuel_round_altar
D:5:      old_forge, grunt_temple_overflow_order_and_chaos_2,
          gammafunk_temple_overflow_pools, temple_fountains
D:6:      serial_shops, shop_fountains, uniq_blork_the_orc
D:7:      xom_butterflies, serial_shops, shop, the_bakery, uniq_pikel
D:8:      wad_woods_tower, lair_0_dummy, wad_rectangle_vault, uniq_erica,
          uniq_prince_ribbit1
Temple:   temple_eino_lava_8
Lair:2:   minivault_11, st_stairs_6
Lair:5:   minmay_shoals_entry_hut, spider_nest_entry_a, lab_entry_generic,
          serial_bayou_pond_d, minivault_25, guppyfry_lair_drakes
Lair:7:   mu_elephants_graveyard, basic_altar, serial_bayou_shore_a
Lair:8:   evilmike_catoblepas_cave, nicolae_slime_entry_slimehenge
Lab:      nicolae_lab_dead_adventurers, nicolae_lab_do_over, lab_block

Action                   |  1- 3 |  4- 6 |  7- 9 | 10-12 | 13-15 || total
-------------------------+-------+-------+-------+-------+-------++-------
Melee: Dagger            |    15 |       |       |       |       ||    15
       Short sword       |    63 |    61 |    65 |       |       ||   189
       Rapier            |       |       |   148 |   484 |   546 ||  1178
 Cast: Corona            |     6 |     3 |       |       |       ||     9
       Ensorcelled Hiber |    11 |     3 |    30 |    59 |    97 ||   200
       Dazzling Spray    |       |     2 |    17 |    85 |   118 ||   222
       Tukima's Dance    |       |       |     3 |     6 |       ||     9
       Confuse           |       |       |       |     5 |    21 ||    26
       Shroud of Golubri |       |       |       |    11 |    14 ||    25
       Metabolic Englaci |       |       |       |     1 |     2 ||     3
       Gell's Gravitas   |       |       |       |     1 |       ||     1
       Mephitic Cloud    |       |       |       |       |     8 ||     8
       Petrify           |       |       |       |       |     1 ||     1
Invok: Shadow Step       |       |       |       |     3 |     5 ||     8
  Use: Scroll            |     3 |     7 |     5 |     4 |     1 ||    20
       Potion            |       |       |       |     6 |     1 ||     7
 Stab: Sleeping          |    29 |    17 |    39 |   109 |    51 ||   245
       Distracted        |     1 |       |       |     3 |     2 ||     6
       Held in net/web   |       |       |     1 |       |       ||     1
       Invisible         |       |       |     1 |    22 |    36 ||    59
       Confused          |       |       |       |       |    23 ||    23
       Petrified         |       |       |       |       |     1 ||     1
  Eat: Bread ration      |       |     1 |       |     1 |     2 ||     4
       Pizza             |       |       |     1 |     1 |       ||     2
       Fruit             |       |       |       |     2 |     1 ||     3
